 Dungeon Crawl Stone Soup version 0.27-a0-543-gd81048afd2 (webtiles) character file.

Game seed: 18334378957450818408

21912 Leibowitz the Cleaver (level 12, -2/108 HPs)
             Began as a Minotaur Fighter on Mar 7, 2021.
             Was the Champion of Okawaru.
             Slain by a deep elf knight
             ... wielding a +0 vorpal scimitar
             ... summoned by a worldbinder
              (15 damage)
             ... on level 1 of the Abyss.
             The game lasted 00:23:47 (15772 turns).

Leibowitz the Cleaver (Minotaur Fighter)           Turns: 15772, Time: 00:23:48

Health: -2/108     AC: 20    Str: 36    XL:     12   Next: 58%
Magic:  10/11      EV:  9    Int:  5    God:    Okawaru [******]
Gold:   774        SH: 13    Dex: 12    Spells: 11/11 levels left

rFire    + + +     SeeInvis .   a - +7 trident "Killer Bee's Peril" {vorpal, rF++ Str+4 Dex+2 Stlth-}
rCold    . . .     Faith    +   c - +0 kite shield
rNeg     . . .     Spirit   .   G - +1 plate armour {rF+}
rPois    .         Reflect  .   (helmet restricted)
rElec    .         Harm     .   v - +0 cloak
rCorr    .         Rampage  .   L - +0 pair of gloves
Will     +....                  o - +0 pair of boots
Stlth    ..........             y - amulet of faith
HPRegen  0.28/turn              p - +6 ring of strength
MPRegen  0.12/turn              Q - ring of willpower

@: slowed, very slow
A: horns 2, retaliatory headbutt
a: Renounce Religion, Heroism, Finesse


You were on level 1 of the Abyss.
You worshipped Okawaru.
Okawaru was exalted by your worship.
You visited 3 branches of the dungeon, and saw 16 of its levels.
You visited the Abyss 1 time.

You collected 934 gold pieces.
You spent 160 gold pieces at shops.

Inventory:

Hand Weapons
 a - the +7 trident "Killer Bee's Peril" (weapon) {vorpal, rF++ Str+4 Dex+2 Stlth-}
   (You found it on level 8 of the Dungeon)

   It inflicts extra damage upon your enemies.
   It affects your strength (+4).
   It affects your dexterity (+2).
   It greatly protects you from fire.
   It makes you less stealthy.
 b - a +1 executioner's axe of electrocution
 x - a +0 war axe
Missiles
 g - 23 atropa-tipped darts (quivered)
Armour
 c - a +0 kite shield (worn)
 o - a +0 pair of boots (worn)
 v - a +0 cloak (worn)
 G - a +1 plate armour of fire resistance (worn)
 L - a +0 pair of gloves (worn)
Jewellery
 l - a ring of fire
 p - a +6 ring of strength (left hand)
 y - an amulet of faith (around neck)
 B - an amulet of reflection
 Q - a ring of willpower (right hand)
Wands
 t - a wand of flame (30)
 H - a wand of paralysis (14)
 J - a wand of acid (35)
 S - a wand of digging (7)
Scrolls
 e - 23 scrolls of identify {unknown}
 f - 5 scrolls of fog {unknown}
 m - 4 scrolls of immolation {unknown}
 n - 3 scrolls of noise {unknown}
 q - 2 scrolls of enchant weapon {unknown}
 r - 2 scrolls of fear {unknown}
 u - 10 scrolls of teleportation
 w - 2 scrolls of vulnerability {unknown}
 D - a scroll of blinking
 E - a scroll of teleportation
 F - a scroll of amnesia {unknown}
 I - a scroll of holy word {unknown}
 M - a scroll of magic mapping {unknown}
 N - a scroll of random uselessness {unknown}
 R - a scroll of enchant armour {unknown}
Potions
 d - 2 potions of might
 h - 2 potions of magic {unknown}
 i - 4 potions of curing
 j - 3 potions of ambrosia {unknown}
 k - a potion of berserk rage {unknown}
 s - a potion of heal wounds
 z - a potion of brilliance {unknown}
 A - 3 potions of haste {unknown}
 C - 4 potions of degeneration {unknown}
 K - a potion of lignification {unknown}
 O - a potion of attraction {unknown}
 P - a potion of mutation {unknown}


   Skills:
 + Level 10.6 Fighting
 + Level 13.7(14.9) Axes
 + Level 10.6(13.4) Polearms
 + Level 11.5 Armour
 + Level 4.0 Dodging
 + Level 1.2 Stealth
 + Level 10.2 Shields


You had 11 spell levels left.
You didn't know any spells.
Your spell library contained the following spells:

 Spells                   Type           Power      Damage    Failure   Level
 Animate Skeleton         Necr           0%         N/A       99%         1
 Apportation              Tloc           0%         N/A       99%         1
 Beastly Appendage        Tmut           0%         N/A       99%         1
 Corona                   Hex            0%         N/A       99%         1
 Freeze                   Ice            0%         1d3       99%         1
 Pain                     Necr           0%         1d4       99%         1
 Summon Small Mammal      Summ           0%         N/A       99%         1
 Ensorcelled Hibernation  Hex/Ice        0%         N/A       100%        2
 Wereblood                Tmut           0%         N/A       100%        2
 Confusing Touch          Hex            0%         N/A       100%        3
 Dazzling Flash           Conj/Hex       0%         N/A       100%        3
 Frozen Ramparts          Ice            0%         1d2       100%        3
 Ozocubu's Armour         Ice            0%         N/A       100%        3
 Spider Form              Tmut/Pois      0%         N/A       100%        3
 Tukima's Dance           Hex            0%         N/A       100%        3
 Vampiric Draining        Necr           0%         2d6       100%        3
 Animate Dead             Necr           0%         N/A       100%        4
 Hailstorm                Conj/Ice       0%         3d3       100%        4
 Ice Form                 Ice/Tmut       0%         N/A       100%        4
 Summon Ice Beast         Ice/Summ       0%         N/A       100%        4
 Agony                    Necr           0%         N/A       100%        5
 Blade Hands              Tmut           0%         N/A       100%        5
 Bolt of Magma            Conj/Fire/Erth 0%         4d4       100%        5
 Iskenderun's Battlesphe  Conj           0%         2d6       100%        5
 Iron Shot                Conj/Erth      0%         9d1       100%        6
 Orb of Destruction       Conj           0%         N/A       100%        7
 Spellforged Servitor     Conj/Summ      0%         N/A       100%        7


Dungeon Overview and Level Annotations

Branches:
Dungeon (12/15)            Temple (1/1) D:5            Lair (3/6) D:8
  Swamp: Lair:2-4    Shoals: Lair:2-4     Snake: Lair:2-4    Spider: Lair:2-4
    Orc: D:9-12

Altars:
Ashenzari
Cheibriados
Dithmenos
Elyvilon
Fedhas
Gozag
Hepliaklqana
Kikubaaqudgha
Makhleb
Nemelex Xobeh
Okawaru
Qazlal
Ru
Sif Muna
Trog
Uskayaw
Vehumet
Wu Jian
Xom
Yredelemnul
Zin
The Shining One

Shops:
D:5 (   D:8 [   D:9 ??   D:11 (

Annotations:
D:5 2 runed translucent doors, Gaff's ghost, amateur KoBr
D:8 2 runed translucent doors, MiFiHotspot's ghost, novice MiFi
D:12 Nergalle; Rupert
Lair:3 3 runed translucent doors, Lonelite's ghost, journeyman DECj; Sonja


Innate Abilities, Weirdness & Mutations

You have a pair of horns on your head.
You reflexively headbutt those who attack you in melee.


Message History

The spatial maelstrom misses you. You furiously retaliate!
You headbutt the spatial maelstrom, but do no damage.
You block the spatial maelstrom's attack.
You block the deep elf knight's attack.
You hit the worldbinder but do no damage.
You headbutt the worldbinder, but do no damage.
The worldbinder is severely damaged.
You block the worldbinder's attack.
The worldbinder hits you but does no damage.
The spatial maelstrom hits you but does no damage.
The spatial maelstrom misses you.
The deep elf knight mumbles some strange words.
The deep elf knight seems to speed up.
The worldbinder hits you but does no damage.
The worldbinder hits you.
* * * LOW HITPOINT WARNING * * *
You feel much better.
You feel like a meek peon again.
The spatial maelstrom barely misses you.
The spatial maelstrom completely misses you.
The deep elf knight hits you but does no damage.
The spatial maelstrom closely misses you.
The spatial maelstrom hits you but does no damage.
You block the worldbinder's attack. x2
The deep elf knight gestures at you while chanting.
The lance of force hits you!!
* * * LOW HITPOINT WARNING * * *
You are knocked back by the lance of force.
You slam into the stone wall!
* * * LOW HITPOINT WARNING * * *
The worldbinder hits you but does no damage.
You block the worldbinder's attack.
Okay, then.
You feel much better. The spatial maelstrom hits you.
* * * LOW HITPOINT WARNING * * *
Space warps horribly around you!
* * * LOW HITPOINT WARNING * * *
You block the spatial maelstrom's attack.
The deep elf knight hits you with a +0 vorpal scimitar!
You die...

### ### ...#...##
#. # ...#.#.##
###..##.#...#.
#..#...#.#..#.##
#....#....#v... .
#. #.v..#...#...
#..#..v..e.#e##
.. .......#ex@#
#.
..#.....vv##.....
#...##.#.###
..###
#.....#..### ##
#......... .
#........#
....... ..##
#........# #
........#


You could see a spatial maelstrom, 4 spatial vortices, a deep elf archer
(summoned, repels missiles), a deep elf knight (summoned, fast), a deep elf
pyromancer (summoned) and a worldbinder.

Vanquished Creatures
  4 hydras
  Erica (D:11)
  Pikel (D:7)
  A cyclops (D:8)
  An oklob plant (Lair:3)
  A manticore (D:11)
  Joseph (D:7)
  A black mamba (Lair:1)
  A centaur zombie (D:11)
  4 cane toads
  A kobold demonologist (D:11)
  6 komodo dragons
  A troll (D:9)
  A hornet (D:9)
  Prince Ribbit (Lair:2)
  11 blink frogs
  A shadow (D:11)
  A wraith (D:10)
  26 yaks
  A vampire (D:10)
  A wyvern (D:10)
  A steam dragon (Lair:3)
  A basilisk (Lair:3)
  Edmund (D:6)
  5 water moccasins
  A soldier ant (D:11)
  6 orc warriors
  2 necrophages
  3 ice beasts
  3 sky beasts
  10 wolves
  3 ogres
  A centaur (D:8)
  3 lemures (D:7)
  2 phantoms
  A kobold brigand (D:10)
  13 bullfrogs
  3 scorpions
  3 vampire bats (Lair:2)
  A howler monkey (D:5)
  4 jellies
  3 hounds
  2 bullfrog zombies
  A bullfrog skeleton (D:11)
  4 orc priests
  Crazy Yiuf (D:4)
  3 centaur skeletons
  An iguana (D:9)
  5 orc wizards
  5 worker ants
  A killer bee zombie (D:7)
  2 hound zombies
  A hound skeleton (D:8)
  A howler monkey zombie (D:7)
  A gnoll (D:4)
  14 adders
  A shadow imp (D:5)
  2 white imps
  2 ufetubi
  An ooze (D:7)
  2 adder skeletons (D:4)
  2 worms
  6 dart slugs
  4 leopard geckos
  33 orcs
  2 ball pythons
  3 giant cockroaches
  6 goblins
  5 hobgoblins
  13 jackals
  9 quokkas
  11 bats
  5 frilled lizards
  10 kobolds
  2 leopard gecko skeletons
  7 rats
305 creatures vanquished.

Vanquished Creatures (others)
  2 jackals (D:1)
  5 fungi
  5 plants
12 creatures vanquished.

Grand Total: 317 creatures vanquished

Notes
Turn   | Place    | Note
-------+----------+-------------------------------------------
     0 | D:1      | Leibowitz the Minotaur Fighter began the quest for the Orb.
     0 | D:1      | Reached XP level 1. HP: 19/19 MP: 0/0
   287 | D:1      | Reached XP level 2. HP: 27/27 MP: 1/1
   466 | D:1      | You fall into a shaft and drop 1 floor!
   478 | D:2      | Reached skill level 3 in Axes
   478 | D:2      | Reached XP level 3. HP: 26/33 MP: 2/2
  1674 | D:2      | Found a broken altar of Ashenzari.
  1678 | D:2      | Reached skill level 1 in Dodging
  1691 | D:2      | Reached XP level 4. HP: 33/40 MP: 3/3
  2042 | D:2      | Found a glowing silver altar of Zin.
  2248 | D:3      | Reached skill level 4 in Axes
  2285 | D:3      | Reached XP level 5. HP: 47/47 MP: 4/4
  3001 | D:4      | Found a bloodstained altar of Trog.
  3007 | D:4      | Reached skill level 5 in Axes
  3097 | D:4      | Reached XP level 6. HP: 51/53 MP: 5/5
  3235 | D:4      | Reached skill level 5 in Shields
  3374 | D:4      | Reached skill level 6 in Axes
  3479 | D:4      | Reached skill level 5 in Armour
  3481 | D:5      | Entered Level 5 of the Dungeon
  3647 | D:4      | Found a stormy altar of Qazlal.
  3877 | D:4      | Found a runed translucent door.
  3878 | D:4      | Noticed Crazy Yiuf
  3887 | D:4      | Killed Crazy Yiuf
  3888 | D:4      | Reached XP level 7. HP: 48/60 MP: 6/6
  4093 | D:5      | Found a large runed translucent door.
  4103 | D:5      | Found a large runed translucent door.
  4104 | D:5      | Noticed Gaff's ghost (amateur KoBr)
  4163 | D:5      | Found a staircase to the Ecumenical Temple.
  4175 | Temple   | Entered the Ecumenical Temple
  4376 | Temple   | Became a worshipper of Warmaster Okawaru
  4494 | D:5      | Found an opulent altar of Gozag.
  4721 | D:5      | Found Ulymatz's Antique Weapon Shoppe.
  5105 | D:6      | Reached skill level 7 in Axes
  5115 | D:6      | Found a blossoming altar of Fedhas.
  5149 | D:6      | Reached * piety under Okawaru
  5150 | D:6      | Reached skill level 5 in Fighting
  5165 | D:6      | Reached XP level 8. HP: 62/68 MP: 7/7
  5428 | D:6      | Noticed Edmund
  5441 | D:6      | Killed Edmund
  5442 | D:6      | Reached skill level 8 in Axes
  5514 | D:6      | Found a white marble altar of Elyvilon.
  5748 | D:7      | Reached ** piety under Okawaru
  5761 | D:6      | Reached skill level 9 in Axes
  6189 | D:7      | Noticed Joseph
  6203 | D:7      | Killed Joseph
  6204 | D:7      | Reached XP level 9. HP: 44/78 MP: 8/8
  6434 | D:7      | Noticed Pikel
  6464 | D:7      | Reached skill level 10 in Axes
  6471 | D:7      | Killed Pikel
  6471 | D:7      | Reached *** piety under Okawaru
  7000 | D:7      | Found an ornate altar of the Wu Jian Council.
  7078 | D:8      | Identified the +7 trident "Killer Bee's Peril" {vorpal,
                  | rF++ Str+4 Dex+2 Stlth-}
  7102 | D:8      | Found a staircase to the Lair.
  7153 | D:8      | Found Annefy's Antique Armour Emporium.
  7238 | D:8      | Reached skill level 11 in Axes
  7582 | D:8      | Reached skill level 1 in Polearms
  7650 | D:8      | Found a large runed translucent door.
  7651 | D:8      | Found a large runed translucent door.
  7653 | D:8      | Noticed MiFiHotspot's ghost (novice MiFi)
  7766 | D:8      | Noticed a cyclops
  7775 | D:8      | Killed a cyclops
  7775 | D:8      | Reached **** piety under Okawaru
  7776 | D:8      | Reached XP level 10. HP: 81/86 MP: 9/9
  8220 | D:9      | Found an ancient bone altar of Kikubaaqudgha.
  8251 | D:9      | Found a sacrificial altar of Ru.
  8281 | D:9      | Found a glowing golden altar of the Shining One.
  8316 | D:9      | You fall into a shaft and drop 1 floor!
  8316 | D:10     | Entered Level 10 of the Dungeon
  8336 | D:9      | Found a sparkling altar of Nemelex Xobeh.
  8356 | D:9      | Reached ***** piety under Okawaru
  8786 | D:9      | Found Goenlemu's Magic Scroll Shoppe.
  8793 | D:9      | Bought a scroll of blinking for 112 gold pieces
  8810 | D:9      | Found Paam's Magic Scroll Shoppe.
  8818 | D:9      | Bought a scroll of teleportation for 48 gold pieces
  8936 | D:9      | Found a snail-covered altar of Cheibriados.
  9015 | D:9      | Found a basalt altar of Yredelemnul.
  9039 | D:9      | Reached skill level 5 in Polearms
  9589 | D:10     | Identified the +1 scale mail of the Earth {rC+} (Okawaru
                  | gifted it to you on level 10 of the Dungeon)
  9589 | D:10     | Received a gift from Okawaru
  9952 | D:11     | Noticed Erica
  9962 | D:11     | Killed Erica
  9982 | D:11     | Reached XP level 11. HP: 86/95 MP: 10/10
 10019 | D:11     | Found Jarifaz's Antique Weapon Emporium.
 10970 | D:12     | Noticed a six-headed hydra
 10999 | D:11     | Killed a six-headed hydra
 11225 | D:12     | Noticed Nergalle
 11225 | D:12     | Noticed Rupert
 11330 | Lair:1   | Entered Level 1 of the Lair of Beasts
 11505 | Lair:1   | Reached ****** piety under Okawaru
 11746 | Lair:1   | Received a gift from Okawaru
 11747 | Lair:1   | Reached skill level 10 in Polearms
 11814 | Lair:1   | Reached skill level 10 in Armour
 11814 | Lair:1   | Reached skill level 10 in Shields
 11817 | Lair:1   | Reached skill level 1 in Stealth
 12400 | Lair:1   | Noticed an eight-headed hydra
 12407 | Lair:1   | Killed an eight-headed hydra
 12684 | Lair:1   | Received a gift from Okawaru
 12988 | Lair:2   | Noticed a five-headed hydra
 12996 | Lair:2   | Killed a five-headed hydra
 12997 | Lair:2   | Reached skill level 12 in Axes
 12997 | Lair:2   | Reached XP level 12. HP: 53/106 MP: 11/11
 12999 | Lair:2   | Reached skill level 10 in Fighting
 13243 | Lair:2   | Noticed a four-headed hydra
 13250 | Lair:2   | Killed a four-headed hydra
 14122 | Lair:2   | Noticed Prince Ribbit
 14134 | Lair:2   | Killed Prince Ribbit
 14756 | Lair:3   | Found a runed translucent gate.
 14757 | Lair:3   | Found a runed translucent gate.
 14767 | Lair:3   | Noticed a boulder beetle
 14767 | Lair:3   | Noticed a minotaur
 14767 | Lair:3   | Noticed Lonelite's ghost (journeyman DECj)
 14801 | Lair:3   | Found a runed translucent gate.
 14824 | Lair:3   | Reached skill level 13 in Axes
 14841 | Lair:3   | Received a gift from Okawaru
 15705 | Lair:3   | Noticed Sonja
 15735 | Lair:3   | Cast into level 1 of the Abyss (Sonja)
 15762 | Abyss:1  | HP: 4/108 [worldbinder (5)]
 15771 | Abyss:1  | HP: 2/108 [stone wall collision[a worldbinder] (15)]
 15772 | Abyss:1  | Slain by a deep elf knight

Illustrated notes

Levels and vault maps discovered:
D:1:      elethiomel_arrival_maze, layout_basic, minmay_strange_pillars,
          lemuel_flame_loot_1
D:2:      minmay_angry_zag, layout_rooms, zin_scriptorium,
          nicolae_overflow_crystal_walls
D:3:      layout_loops_ring
D:4:      layout_loops_ring, marbit_many_paths, general_overflow_altar,
          uniq_crazy_yiuf_cottage
D:5:      minmay_evil_eye, layout_loops_ring, minmay_temple_entry_poolview,
          serial_shops, shop, ebering_ghost_disaster_area, lemuel_statue_altar
D:6:      layout_loops_ring, old_standard_altar, elyvilon_altar_4, uniq_edmund
D:7:      layout_loops_ring, nicolae_overflow_hidden_temple, uniq_joseph,
          uniq_pikel
D:8:      layout_loops_ring, lair_entry_dummy, ebering_ghost_disaster_area,
          serial_shops, shop
D:9:      layout_small_grid, old_standard_altar, kennysheep_mini,
          lemuel_crystal_altar, old_standard_altar, lemuel_round_altar,
          nemelex_xobeh_ov_fountains_minmay, serial_shops, shop, shop_fountains
D:10:     layout_rooms, hex_large, kennysheep_small_circle
D:11:     layout_small_grid, serial_shops, shop, st_stairs_2, uniq_erica
D:12:     layout_cave_pools, orc_0_dummy, mrwooster_statue_mirror,
          uniq_gastronok, uniq_nergalle, uniq_rupert
Temple:   dpeg_chambers_temple
Lair:1:   layout_loops_ring, gauntlet_entry_generic
Lair:2:   layout_roguey, minmay_hedge_maze, st_stairs_13, ldierk_geyser,
          minmay_holes, roderic_batcave, uniq_prince_ribbit2
Lair:3:   layout_cellular_growth, maelrawn_ghost_gauntlet_escape,
          chequers_serial_rivers_marsh, forest_entry_grove,
          minmay_lair_oklob_chamber, grunt_megastairs_4, uniq_sonja
Abyss:1:  base: D:11, minivault_27

Skill      XL: |  1  2  3  4  5  6  7  8  9 10 11 12 |
---------------+-------------------------------------+-----
Armour         | 4 5 6 7 8 9 10 11 | 11.5
Shields        | 4 5 6 7 8 10 | 10.2
Axes           | 3 4 5 6 7 9 11 12 13 | 13.7
Fighting       | 4 5 6 7 8 9 10 | 10.6
Dodging        | 1 2 3 4 |  4.0
Polearms       | 2 8 10 | 10.6
Stealth        | 1 |  1.2

Action                   |  1- 3 |  4- 6 |  7- 9 | 10-12 || total
-------------------------+-------+-------+-------+-------++-------
Melee: War axe           |    65 |   133 |   165 |       ||   363
       Headbutt          |     6 |    27 |    49 |    93 ||   175
       Trident           |       |       |    39 |   263 ||   302
       Executioner's axe |       |       |       |   135 ||   135
Throw: Dart              |       |       |       |     6 ||     6
Invok: Heroism           |       |       |       |     2 ||     2
  Use: Potion            |       |       |     1 |     5 ||     6
Armor: Scale mail        |    47 |    15 |       |       ||    62
       Chain mail        |       |    45 |    11 |       ||    56
       Plate armour      |       |       |    64 |   277 ||   341
Dodge: Dodged            |    19 |    35 |    47 |   178 ||   279
Block: Kite shield       |    27 |    62 |   110 |   164 ||   363

Table legend: (Time is in decaauts)
 A = Elapsed time spent in this place.
 B = Non-inter-level travel time spent in this place.
 C = Inter-level travel time spent in this place.
 D = Time resting spent in this place.
 E = Time spent auto-exploring this place.
 F = Levels seen in this place.
 G = Mean time per level.
                   A        B        C        D        E       F      G
               +--------+--------+--------+--------+--------+-----+--------+
         Total |  15963 |  15500 |    463 |   1877 |  11205 |  17 |  939.0 |
       Dungeon |  11249 |  10881 |    368 |   1353 |   7636 |  12 |  937.4 |
        Temple |    214 |    202 |     12 |      0 |    197 |   1 |  214.0 |
          Lair |   4446 |   4364 |     82 |    506 |   3372 |   3 | 1482.0 |
         Abyss |     51 |     51 |      0 |     18 |      0 |   1 |   51.0 |
               +--------+--------+--------+--------+--------+-----+--------+

Top non-repeatable levels by time:
  Lair:2: 1746 daAuts
  Lair:1: 1662 daAuts
     D:1: 1558 daAuts
    D:11: 1393 daAuts
     D:9: 1192 daAuts
     D:4: 1157 daAuts
     D:8: 1088 daAuts
     D:7: 1045 daAuts
     D:6: 1039 daAuts
  Lair:3: 1038 daAuts
     D:5: 761 daAuts
     D:3: 755 daAuts
     D:2: 659 daAuts
    D:10: 578 daAuts
  Temple: 214 daAuts
